[Event "Titled Tuesday Blitz December 27 Late 2022"]
[White "Foisor, Sabina-Francesca"]
[Black "Fernandez Hernandez, Gerardo"]
[WhiteFideId "1212915"]
[BlackFideId "2207400"]
[WhiteElo "2185"]
[BlackElo "2181"]
[Result "1-0"]
[Round "07"]
[TimeControl "180+2"]
[Date "2022.12.27"]
[WhiteClock "0:00:09"]
[BlackClock "0:00:02"]

1. d4 Nf6 2. c4 c5 3. d5 b5 4. Nf3 b4 5. g3 g6 6. Bg2 d6 7. O-O Bg7 8. Nbd2 O-O 9. e4 Nbd7 10. Qc2 a5 11. h3 Ba6 12. Re1 Qc7 13. Nf1 Nb6 14. Ne3 Nfd7 15. Rb1 a4 16. b3 axb3 17. axb3 Ne5 18. Nxe5 Bxe5 19. Bb2 Nd7 20. f4 Bd4 21. Qd3 Bxb2 22. Rxb2 Bb7 23. e5 dxe5 24. f5 Ra3 25. Ng4 Rfa8 26. fxg6 hxg6 27. Rf1 Ra1 28. Rf2 Rxf1+ 29. Rxf1 f5 30. Nh6+ Kg7 31. Nxf5+ gxf5 32. Qxf5 Nf6 33. Be4 Rg8 34. g4 Kf7 35. Qe6+ Ke8 36. Bh7 Rf8 37. Bg6+ Kd8 38. Ra1 Qd6 39. Qf5 Bc8 40. Qc2 e6 41. dxe6 1-0


[Site "https://www.chess.com"]

[Event "Titled Tuesday Blitz December 27 Late 2022"]
[White "Garcia Cuenca, Victor"]
[Black "Poliakova, Varvara"]
[WhiteFideId "2250829"]
[BlackFideId "13518313"]
[WhiteElo "2324"]
[BlackElo "2010"]
[Result "1-0"]
[Round "07"]
[TimeControl "180+2"]
[Date "2022.12.27"]
[WhiteClock "0:00:29"]
[BlackClock "0:00:35"]

1. d4 e5 2. Nf3 e4 3. Ng5 d5 4. c4 c6 5. g3 Nf6 6. Nc3 Bf5 7. Bg2 Qd7 8. h4 Bd6 9. Qb3 O-O 10. Bd2 dxc4 11. Qxc4 b5 12. Qb3 b4 13. Ncxe4 Nxe4 14. Nxe4 Be6 15. Qc2 Bf5 16. Qc4 Be6 17. Qc1 Bd5 18. O-O Na6 19. Qc2 f5 20. Nxd6 Qxd6 21. Bf4 Qd7 22. e3 Rac8 23. Rac1 Nc7 24. Bxc7 Rxc7 25. Qc5 Bxg2 26. Kxg2 f4 27. exf4 Rcc8 28. Rce1 Rxf4 29. Re7 Qxd4 30. Qxa7 Qxa7 31. Rxa7 Rf7 32. Rxf7 Kxf7 33. Rc1 Ke6 34. Kf3 Kd6 35. Ke3 c5 36. b3 Re8+ 37. Kd3 Kd5 38. Rc2 h5 39. Re2 Rf8 40. f4 Ra8 41. Re5+ Kd6 42. Kc4 Rxa2 43. Rd5+ Ke6 44. Rxc5 g6 45. Kxb4 Kf6 46. Rg5 Ra8 47. Kc5 Rc8+ 48. Kb4 Rb8+ 49. Kc4 Rc8+ 50. Rc5 Re8 51. b4 Re3 52. Rg5 Re1 53. b5 Rb1 54. Kc5 Kf7 55. b6 Kf6 56. Kc6 Ke7 57. b7 Kd8 58. Rd5+ Ke7 59. Rb5 1-0


[Site "https://www.chess.com"]

[Event "Titled Tuesday Blitz December 27 Late 2022"]
[White "Gasanov, Eldar"]
[Black "Jaracz, Pawel"]
[WhiteFideId "14104466"]
[BlackFideId "1102222"]
[WhiteElo "2481"]
[BlackElo "2467"]
[Result "0-1"]
[Round "07"]
[TimeControl "180+2"]
[Date "2022.12.27"]
[WhiteClock "0:00:02"]
[BlackClock "0:00:13"]

1. d4 Nf6 2. c4 e6 3. Nf3 b6 4. Bf4 Bb4+ 5. Nbd2 Bb7 6. e3 O-O 7. Bd3 Be7 8. e4 d6 9. h3 Nc6 10. Be3 Nb4 11. Bb1 d5 12. cxd5 exd5 13. e5 Ne4 14. a3 Nxd2 15. Qxd2 Nc6 16. b4 a5 17. b5 Na7 18. O-O Qd7 19. a4 c6 20. bxc6 Nxc6 21. Bd3 Nb4 22. Bb5 Bc6 23. Bxc6 Qxc6 24. Rfc1 Qd7 25. Nh2 Rfc8 26. Ng4 Qf5 27. Qe2 Rc2 28. Qb5 h5 29. Nh2 Rac8 30. Rxc2 Nxc2 31. Rf1 Qe6 32. Nf3 Nb4 33. Kh2 Rc4 34. Nd2 Rc8 35. Nf3 Qc6 36. Qe2 Qc4 37. Qd1 Qd3 38. Qe1 Nc2 39. Qc1 Ba3 40. Qb1 Nb4 0-1


[Site "https://www.chess.com"]

[Event "Titled Tuesday Blitz December 27 Late 2022"]
[White "Gascon Del Nogal, Jose Rafael"]
[Black "Domingo Nunez, Ruben"]
[WhiteFideId "3902463"]
[BlackFideId "22245570"]
[WhiteElo "2459"]
[BlackElo "2416"]
[Result "0-1"]
[Round "07"]
[TimeControl "180+2"]
[Date "2022.12.27"]
[WhiteClock "0:00:11"]
[BlackClock "0:00:19"]

1. e4 g6 2. d4 Bg7 3. Nf3 c6 4. h3 d5 5. exd5 cxd5 6. Bd3 Nc6 7. c3 Nh6 8. O-O O-O 9. Re1 Bf5 10. Bxh6 Bxh6 11. Bxf5 gxf5 12. Qd3 e6 13. c4 Rc8 14. cxd5 Nb4 15. Qb3 Nc2 16. Nc3 Nxa1 17. Rxa1 Qb6 18. Qc2 Bg7 19. Rd1 Rfd8 20. Rd2 Bh6 21. Rd3 Qa6 22. Qd1 Qb6 23. Ne5 Bg7 24. Rg3 f6 25. Nf3 Qxb2 26. Nh4 Rxc3 27. Rxc3 Qxc3 28. dxe6 Rxd4 29. Qe2 Re4 30. Qh5 Qc1+ 31. Kh2 Qf4+ 32. Kg1 Re1# 0-1


[Site "https://www.chess.com"]

[Event "Titled Tuesday Blitz December 27 Late 2022"]
[White "Gasparyan, David"]
[Black "Wang, Alexander J"]
[WhiteFideId "13311980"]
[BlackFideId "30955270"]
[WhiteElo "2142"]
[BlackElo "1815"]
[Result "0-1"]
[Round "07"]
[TimeControl "180+2"]
[Date "2022.12.27"]
[WhiteClock "0:00:01"]
[BlackClock "0:00:25"]

1. e4 c5 2. Nc3 d6 3. Bc4 Nc6 4. a3 Nf6 5. d3 g6 6. h4 Bg7 7. Nge2 a6 8. Ba2 b5 9. f3 Bb7 10. Be3 Qd7 11. Qd2 h5 12. d4 c4 13. Nf4 e5 14. Nfd5 Nxd5 15. Nxd5 Rd8 16. Bg5 Rb8 17. Bf6 O-O 18. c3 Qe6 19. Qg5 exd4 20. cxd4 Nxd4 21. Bxg7 Kxg7 22. Nf4 Qe5 23. Nxh5+ Kh7 24. Nf6+ Kg7 25. Qxe5 dxe5 26. Nd7 Nc2+ 27. Ke2 Nxa1 28. Nxb8 Rxb8 29. Rxa1 Rd8 30. Rc1 Rc8 31. Rc3 a5 32. a4 b4 33. Rxc4 Ba6 34. b3 Bxc4+ 35. bxc4 Kf6 36. Kd3 Rd8+ 37. Ke2 Rb8 38. Bb3 Ke7 39. Kd3 Kd6 40. Kc2 Kc5 41. Kd3 Rd8+ 42. Ke2 Kd4 43. c5 f6 44. c6 Rc8 45. Bd5 Kc3 46. Kd1 b3 47. Kc1 b2+ 48. Kb1 Rc7 49. g4 Rh7 50. h5 gxh5 51. g5 fxg5 52. Be6 Rc7 53. Bd7 h4 54. Be6 Rxc6 55. Bd5 Rc7 56. f4 h3 57. Bc4 Rxc4 58. fxe5 Rd4 0-1


[Site "https://www.chess.com"]

[Event "Titled Tuesday Blitz December 27 Late 2022"]
[White "Gatterer, Florian"]
[Black "Clawitter, Craig"]
[WhiteFideId "811688"]
[BlackFideId "2023105"]
[WhiteElo "2170"]
[BlackElo "2050"]
[Result "1-0"]
[Round "07"]
[TimeControl "180+2"]
[Date "2022.12.27"]
[WhiteClock "0:00:49"]
[BlackClock "0:00:01"]

1. b3 e5 2. Bb2 Nc6 3. e3 Nf6 4. Nf3 e4 5. Nd4 Be7 6. Nf5 O-O 7. Nxe7+ Qxe7 8. c4 d6 9. Nc3 Bf5 10. d4 exd3 11. Bxd3 Bxd3 12. Qxd3 Ne5 13. Qd2 Ng6 14. Qd4 Rfe8 15. O-O Qe5 16. Qd3 Ng4 17. f4 Qxe3+ 18. Qxe3 Nxe3 19. Rf2 Ng4 20. Rf3 Nf6 21. h3 c6 22. Rd1 Rad8 23. g3 d5 24. cxd5 Nxd5 25. Rfd3 Nge7 26. Ba3 Rd7 27. Bxe7 Rdxe7 28. Nxd5 cxd5 29. Rxd5 Re2 30. R5d2 g6 31. Kf1 Rxd2 32. Rxd2 Re3 33. Kf2 Rc3 34. h4 h5 35. Rd7 Rc2+ 36. Kf3 Rxa2 37. Rxb7 Ra3 38. Ke4 a5 39. f5 a4 40. fxg6 fxg6 41. b4 Rxg3 42. Ke5 Rg4 43. Kf6 Rxh4 44. Rb8+ Kh7 45. Rb7+ Kh6 46. b5 Rf4+ 47. Ke5 Rb4 48. Kd5 a3 49. Kc5 Rb2 50. Ra7 a2 51. b6 h4 52. Ra8 Kg5 53. Ra5 h3 54. Kc6+ Kg4 55. Rb5 1-0


[Site "https://www.chess.com"]

[Event "Titled Tuesday Blitz December 27 Late 2022"]
[White "Graif, William"]
[Black "Rian, Kapriaga"]
[WhiteFideId "2609835"]
[BlackFideId "7103263"]
[WhiteElo "2304"]
[BlackElo "2089"]
[Result "0-1"]
[Round "07"]
[TimeControl "180+2"]
[Date "2022.12.27"]
[WhiteClock "0:00:03"]
[BlackClock "0:01:11"]

1. e4 c6 2. d4 d5 3. Nc3 dxe4 4. Bc4 Bf5 5. f3 Nf6 6. g4 Bg6 7. g5 Nd5 8. Nxe4 e6 9. Ne2 Nd7 10. Bb3 Be7 11. c4 Nc7 12. N2c3 b5 13. cxb5 cxb5 14. Bf4 b4 15. Na4 O-O 16. Rc1 Nd5 17. Bd2 f6 18. Nec5 Nxc5 19. Nxc5 Bxc5 20. Rxc5 fxg5 21. Qe2 Qd6 22. Bxg5 Rf5 23. h4 h6 24. Be3 Bh5 25. Rh3 Raf8 26. Bf2 Bxf3 27. Qd2 Bg4 28. Rg3 Rxf2 29. Qxf2 Rxf2 30. Kxf2 Qf4+ 31. Kg2 Qxd4 32. Rc8+ Kf7 0-1


[Site "https://www.chess.com"]

[Event "Titled Tuesday Blitz December 27 Late 2022"]
[White "Gubajdullin, Alexei"]
[Black "Vasquez Schroeder, Rodrigo"]
[WhiteFideId "4141202"]
[BlackFideId "3400042"]
[WhiteElo "2285"]
[BlackElo "2524"]
[Result "1/2-1/2"]
[Round "07"]
[TimeControl "180+2"]
[Date "2022.12.27"]
[WhiteClock "0:01:28"]
[BlackClock "0:01:33"]

1. d4 Nf6 2. Nf3 e6 3. Bf4 b6 4. e3 Bb7 5. Be2 g6 6. h3 Bg7 7. O-O O-O 8. a4 a5 9. Nc3 d6 10. Bh2 Nbd7 11. Nd2 Re8 12. Bf3 Qc8 13. Bxb7 Qxb7 14. Qf3 d5 15. Nb5 Rac8 16. c4 Nb8 17. Rfc1 Na6 18. cxd5 Nxd5 19. Ne4 Red8 20. h4 h5 21. Ng5 Rd7 22. Rc4 Nab4 23. Rac1 Nd3 24. Rb1 N3b4 25. Rbc1 Na2 26. Ra1 Nab4 27. Rac1 1/2-1/2


[Site "https://www.chess.com"]

[Event "Titled Tuesday Blitz December 27 Late 2022"]
[White "Hernandez Bonilla, Amelia"]
[Black "Hernandez Jimenez, Alexander Andres"]
[WhiteFideId "3900193"]
[BlackFideId "3900452"]
[WhiteElo "1960"]
[BlackElo "2134"]
[Result "1-0"]
[Round "07"]
[TimeControl "180+2"]
[Date "2022.12.27"]
[WhiteClock "0:00:11"]
[BlackClock "0:00:02"]

1. d4 Nf6 2. Bf4 d6 3. Nc3 g6 4. e4 Bg7 5. Qd2 c6 6. Bh6 O-O 7. h4 Bxh6 8. Qxh6 Ng4 9. Qd2 h5 10. O-O-O b5 11. f3 b4 12. Nb1 Nf6 13. Qxb4 a5 14. Qc3 Ba6 15. Ne2 Nbd7 16. Qxc6 Nb6 17. Qc3 Na4 18. Qb3 Qd7 19. Nec3 Bxf1 20. Rhxf1 Nxc3 21. Qxc3 Rfc8 22. Qd3 Qa4 23. a3 Rc7 24. Nc3 Qc6 25. Qb5 Rac8 26. Qxc6 Rxc6 27. Rd2 d5 28. Re1 dxe4 29. fxe4 Ng4 30. d5 Rc4 31. e5 a4 32. Rde2 Rd8 33. Re4 Rc5 34. Rxa4 1-0


[Site "https://www.chess.com"]

[Event "Titled Tuesday Blitz December 27 Late 2022"]
[White "Ibadov, Dashgyn"]
[Black "Sargsyan, Anna M."]
[WhiteFideId "24107514"]
[BlackFideId "13308130"]
[WhiteElo "2391"]
[BlackElo "2375"]
[Result "0-1"]
[Round "07"]
[TimeControl "180+2"]
[Date "2022.12.27"]
[WhiteClock "0:00:04"]
[BlackClock "0:00:06"]

1. e4 c6 2. d4 d5 3. e5 Bf5 4. Nf3 e6 5. Be2 Nd7 6. O-O h6 7. a4 Ne7 8. a5 Qc7 9. b4 a6 10. c3 g5 11. Ne1 Bg7 12. f4 O-O-O 13. fxg5 hxg5 14. Bxg5 f6 15. Bf4 fxe5 16. dxe5 Bxe5 17. Qc1 Ng6 18. Bxe5 Ndxe5 19. g3 Rdg8 20. Nf3 Be4 21. Nbd2 Nxf3+ 22. Nxf3 Nh4 23. Nxh4 Rxh4 24. Qe3 Rh3 25. Rf4 Qh7 26. Raf1 Rxh2 27. Rf8+ Rxf8 28. Rxf8+ Kd7 29. Rf7+ Qxf7 30. Kxh2 Qf5 31. Kg1 e5 32. Qh6 Qh7 33. Qg5 Qe7 34. Bg4+ Kd6 35. Qh6+ Kc7 36. Kh2 Qh7 37. Qxh7+ Bxh7 38. Be2 d4 39. cxd4 exd4 40. g4 Bc2 41. Kg3 d3 42. Bxd3 Bxd3 43. Kf4 Kd6 44. Ke3 Bg6 45. Kd4 Bf7 46. g5 Bg6 0-1


[Site "https://www.chess.com"]

[Event "Titled Tuesday Blitz December 27 Late 2022"]
[White "Janaszak, Dawid"]
[Black "Steinberg, Nitzan"]
[WhiteFideId "1119206"]
[BlackFideId "2801795"]
[WhiteElo "2316"]
[BlackElo "2546"]
[Result "1-0"]
[Round "07"]
[TimeControl "180+2"]
[Date "2022.12.27"]
[WhiteClock "0:00:05"]
[BlackClock "0:01:12"]

1. e4 c5 2. Nc3 e6 3. d4 cxd4 4. Qxd4 Nc6 5. Qe3 a6 6. Bd2 b5 7. O-O-O Bb7 8. Kb1 Rc8 9. f4 d6 10. Nf3 Be7 11. g4 Nf6 12. g5 Nd7 13. h4 b4 14. Na4 Qa5 15. b3 Nc5 16. Nxc5 dxc5 17. f5 e5 18. f6 gxf6 19. gxf6 Bxf6 20. Qh6 Be7 21. Qg7 Rf8 22. Bc4 Nd4 23. Nxe5 Bxe4 24. Rc1 Nxc2 25. Rxc2 Bxc2+ 26. Ka1 Qb6 27. Bxf7+ Kd8 28. Bg5 Bxg5 29. Qxg5+ Kc7 30. Qe7+ Kb8 31. Nd7+ Ka7 32. Nxb6+ Kxb6 33. Qd6+ Ka5 34. Bc4 Rf5 35. Re1 Rf6 36. Qxf6 Rc6 37. Qxc6 1-0


[Site "https://www.chess.com"]

[Event "Titled Tuesday Blitz December 27 Late 2022"]
[White "Jones, Gawain C B"]
[Black "Martinez Ramirez, Lennis"]
[WhiteFideId "409561"]
[BlackFideId "3509079"]
[WhiteElo "2618"]
[BlackElo "2426"]
[Result "0-1"]
[Round "07"]
[TimeControl "180+2"]
[Date "2022.12.27"]
[WhiteClock "0:00:17"]
[BlackClock "0:00:22"]

1. d4 Nf6 2. Nf3 d5 3. c4 e6 4. e3 a6 5. b3 c5 6. Bb2 cxd4 7. Nxd4 Bb4+ 8. Bc3 Qa5 9. Bxb4 Qxb4+ 10. Qd2 Qxd2+ 11. Nxd2 e5 12. N4f3 Nc6 13. cxd5 Nxd5 14. Nc4 f6 15. O-O-O Be6 16. Nd6+ Ke7 17. Bc4 Kxd6 18. e4 Bf7 19. Bxd5 Bxd5 20. Rxd5+ Ke7 21. Rhd1 Rhd8 22. Kb2 Rac8 23. Rxd8 Nxd8 24. Nd2 b5 25. Nf1 Ne6 26. Ne3 Nd4 27. f4 g6 28. Rd2 Ke6 29. g3 h5 30. Nd5 a5 31. fxe5 Kxe5 32. Nxf6 Nf3 33. Rf2 Ne1 34. Nd7+ Kd4 35. Rf1 Nd3+ 36. Ka3 Rc2 37. e5 Nc1 38. Rd1+ Kc3 39. Rxc1 Rxc1 40. Nf8 Rd1 41. Ne6 Re1 42. Nf4 Rxe5 43. Nxg6 Re2 44. Nf4 Rxh2 45. Nd5+ Kd4 46. Nc7 Kc5 47. Ne6+ Kb6 48. Nf4 b4+ 49. Ka4 Rxa2# 0-1


[Site "https://www.chess.com"]

[Event "Titled Tuesday Blitz December 27 Late 2022"]
[White "Kamsky, Gata"]
[Black "Xiong, Jeffery"]
[WhiteFideId "2000024"]
[BlackFideId "2047640"]
[WhiteElo "2665"]
[BlackElo "2692"]
[Result "1/2-1/2"]
[Round "07"]
[TimeControl "180+2"]
[Date "2022.12.27"]
[WhiteClock "0:00:46"]
[BlackClock "0:00:41"]

1. e4 e6 2. d4 d5 3. Nc3 Nf6 4. e5 Nfd7 5. f4 c5 6. Nf3 Nc6 7. Be3 cxd4 8. Nxd4 Qb6 9. Qd2 Qxb2 10. Rb1 Qa3 11. Bb5 Nxd4 12. Bxd4 a6 13. Bxd7+ Bxd7 14. Rb3 Qe7 15. Rxb7 Qh4+ 16. Qf2 Qxf2+ 17. Kxf2 Be7 18. Rhb1 Bd8 19. Ke3 Bc6 20. Rb8 Rxb8 21. Rxb8 Kd7 22. g3 Re8 23. Bb6 Be7 24. Rxe8 Kxe8 25. Kd4 f6 26. Bc5 fxe5+ 27. fxe5 Bg5 28. Ne2 Bb5 29. Nf4 Kf7 30. h4 Bh6 31. Bb4 g5 32. hxg5 Bxg5 33. Ke3 Ke8 34. a3 Kd7 35. Kd4 Ba4 36. c4 dxc4 37. Kxc4 Bb5+ 38. Kd4 Bd8 39. Nh5 Ke8 40. Nf6+ Bxf6 41. exf6 Kf7 42. Ke5 h5 1/2-1/2


[Site "https://www.chess.com"]

[Event "Titled Tuesday Blitz December 27 Late 2022"]
[White "Karacsonyi, Gellert"]
[Black "Rasulov, Vugar"]
[WhiteFideId "764620"]
[BlackFideId "13402390"]
[WhiteElo "2385"]
[BlackElo "2523"]
[Result "0-1"]
[Round "07"]
[TimeControl "180+2"]
[Date "2022.12.27"]
[WhiteClock "0:00:01"]
[BlackClock "0:00:21"]

1. e4 e5 2. Nf3 Nc6 3. Bb5 a6 4. Bxc6 dxc6 5. O-O Bg4 6. h3 Bxf3 7. Qxf3 Qd7 8. d3 f6 9. Be3 h5 10. Nd2 g5 11. Qe2 Ne7 12. Nc4 Ng6 13. Rad1 Qe6 14. d4 exd4 15. Rxd4 g4 16. hxg4 hxg4 17. f4 gxf3 18. Qxf3 Bc5 19. Rd3 Bxe3+ 20. Rxe3 O-O-O 21. Qf5 Rde8 22. Qxe6+ Rxe6 23. b3 Rd8 24. Rg3 Ne7 25. Rgf3 Rxe4 26. Rxf6 b6 27. R6f4 Re2 28. R4f2 Rxf2 29. Rxf2 Nd5 30. g4 Rg8 31. Rg2 Nf4 32. Rd2 Rxg4+ 33. Kf2 Rg2+ 34. Kf3 Rxd2 35. Nxd2 Nd5 36. a3 Kd7 37. Ke4 Ke6 38. Kd3 Nf4+ 39. Kc3 Kd5 40. Kb2 Ne6 41. Nf3 c5 42. Nd2 Nd4 43. Nc4 Nf3 44. Ne3+ Ke4 45. Ng4 Kd5 46. a4 Ne5 47. Nf6+ Ke6 48. Ne4 Nc6 49. Ng5+ Kd5 50. Nf3 c4 51. Ng5 Nd4 52. Nh7 Ne2 53. Nf6+ Ke6 54. Ne4 Ke5 55. Ng5 c3+ 56. Kb1 Kd5 57. Nf3 Nd4 58. Ne1 Nf3 59. Nd3 Nd2+ 60. Kc1 a5 61. b4 Ne4 62. bxa5 bxa5 63. Kb1 Nc5 64. Nf4+ Kc4 65. Ka2 Nxa4 66. Ne6 c5 67. Ka3 Nb6 68. Nf4 Nd5 69. Nd3 Ne3 70. Ne1 Kb5 71. Kb3 Nd5 72. Nf3 a4+ 73. Ka3 Ne3 74. Ne1 Ka5 75. Ka2 Kb6 0-1


[Site "https://www.chess.com"]

[Event "Titled Tuesday Blitz December 27 Late 2022"]
[White "Karas, Marek"]
[Black "Andrews, Todd"]
[WhiteFideId "14928558"]
[BlackFideId "2012456"]
[WhiteElo "2227"]
[BlackElo "2220"]
[Result "1-0"]
[Round "07"]
[TimeControl "180+2"]
[Date "2022.12.27"]
[WhiteClock "0:00:12"]
[BlackClock "0:00:12"]

1. e4 c5 2. Nc3 d6 3. f4 Nc6 4. Nf3 g6 5. Bc4 Bg7 6. O-O e6 7. d3 Nge7 8. Qe1 Nd4 9. Nxd4 cxd4 10. Ne2 O-O 11. Bb3 f5 12. Ng3 Kh8 13. exf5 Nxf5 14. Nxf5 gxf5 15. Bd2 Bd7 16. Qe2 Rf6 17. Rae1 Rg6 18. Qh5 Qf6 19. Rf3 Rg8 20. Rg3 Rxg3 21. hxg3 Bf8 22. Kf2 Qg7 23. Qh3 Qf6 24. Rh1 Rg7 25. Qh4 Qg6 26. c3 Be7 27. Qh3 Bf6 28. Re1 e5 29. cxd4 exf4 30. Bxf4 Bxd4+ 31. Kf1 Bc6 32. Re6 Qf7 33. Qh4 Qf8 34. Bh6 Be5 35. Bxg7+ Qxg7 36. Qd8+ Qg8 37. Qe7 Qxg3 38. Qf8+ Qg8 39. Qxg8+ Kxg8 40. Rxe5+ Kg7 41. Rxf5 Kg6 42. Rf8 a5 43. Rg8+ Kf5 44. Rb8 a4 45. Bc4 Ke5 46. Ke1 Kd4 47. Kd2 Bxg2 48. Bg8 h5 49. Be6 h4 50. Rh8 Ke5 51. Bg4 Kf4 52. Bc8 Kg3 53. Rg8+ Kf2 54. Rxg2+ Kxg2 55. Bxb7+ Kf2 56. Kc3 Ke3 57. b3 axb3 58. axb3 h3 59. Bc6 h2 60. b4 d5 61. Bxd5 Kf4 62. Bh1 Ke5 63. b5 Kd6 64. b6 Kd7 65. b7 Kc7 66. Kd2 Kb8 67. Ke3 Kc7 68. Kf2 Kb8 69. Kg3 Kc7 70. Kxh2 Kb8 71. Kg3 Kc7 72. Kf4 Kb8 73. Ke5 Kc7 74. Ke6 Kb8 75. Kd7 1-0


[Site "https://www.chess.com"]

[Event "Titled Tuesday Blitz December 27 Late 2022"]
[White "Kazakouski, Valery"]
[Black "Guseinov, Gadir"]
[WhiteFideId "13507443"]
[BlackFideId "13401378"]
[WhiteElo "2539"]
[BlackElo "2661"]
[Result "1-0"]
[Round "07"]
[TimeControl "180+2"]
[Date "2022.12.27"]
[WhiteClock "0:00:57"]
[BlackClock "0:00:02"]

1. Nf3 g6 2. c4 Bg7 3. d4 d6 4. g3 Nf6 5. Bg2 O-O 6. O-O c5 7. dxc5 dxc5 8. Ne5 Nfd7 9. Nxd7 Nxd7 10. Qb3 Qb6 11. Nc3 e6 12. Na4 Qa5 13. Rd1 Nb6 14. Nc3 Qb4 15. Ne4 Nxc4 16. Qc2 f5 17. a3 Qb5 18. Nc3 Qa6 19. Na4 Qb5 20. Rb1 Bd7 21. Rxd7 Qxd7 22. Qxc4 b5 23. Qc2 bxa4 24. Bxa8 Rxa8 25. Be3 Qb5 26. Qxc5 Qxc5 27. Bxc5 a6 28. b4 Rd8 29. b5 axb5 30. Rxb5 Rd2 31. Rb8+ Kf7 32. Rb7+ Kg8 33. Kf1 Rc2 34. Rb8+ Kf7 35. Rb7+ Kg8 36. Bb4 Rc1+ 37. Kg2 Rc2 38. e3 g5 39. Ra7 f4 40. gxf4 gxf4 41. Ra8+ Kf7 42. exf4 Bd4 43. Be1 Rc1 44. Rxa4 Rxe1 45. Rxd4 Ra1 46. a4 Kf6 47. Kg3 Kf5 48. Rb4 Ra3+ 49. f3 Ra1 50. Rb5+ Kf6 51. a5 Ra2 52. h4 Ra4 53. f5 exf5 54. Rb6+ Ke5 55. a6 h5 56. Rh6 f4+ 57. Kf2 Ra2+ 58. Ke1 Kd4 59. Re6 Kd3 60. Kf1 Rh2 61. Re4 Ra2 62. Rxf4 Ke3 63. Rf5 Rxa6 64. Kg2 1-0


[Site "https://www.chess.com"]

[Event "Titled Tuesday Blitz December 27 Late 2022"]
[White "Kleiman, Jake"]
[Black "Fiorito, Joaquin"]
[WhiteFideId "2020041"]
[BlackFideId "180173"]
[WhiteElo "2399"]
[BlackElo "2405"]
[Result "1-0"]
[Round "07"]
[TimeControl "180+2"]
[Date "2022.12.27"]
[WhiteClock "0:00:09"]
[BlackClock "0:00:06"]

1. e4 c6 2. Nc3 d5 3. Nf3 Bg4 4. h3 Bxf3 5. Qxf3 Nf6 6. a3 e6 7. d3 Nbd7 8. g3 Be7 9. Bg2 O-O 10. O-O Qb6 11. Qe2 Rfd8 12. Kh1 Rac8 13. Rb1 d4 14. Nd1 Bxa3 15. f4 Be7 16. Nf2 c5 17. g4 Ne8 18. e5 Nc7 19. Bd2 Nf8 20. Ne4 Nd5 21. c4 dxc3 22. bxc3 Qa6 23. f5 exf5 24. gxf5 f6 25. e6 Nb6 26. c4 Na8 27. Ra1 Qb6 28. Rfb1 Qc7 29. Rxa7 Qe5 30. Rbxb7 Rc7 31. Rxc7 Nxc7 32. Bc3 Qxf5 33. Rxc7 Qxe6 34. Rxe7 Qxe7 35. Nxf6+ Kf7 36. Bd5+ Ne6 37. Nxh7 Rxd5 38. cxd5 Nc7 39. Qxe7+ Kxe7 40. Bxg7 Nxd5 41. Be5 Nb4 42. d4 c4 43. Ng5 c3 44. Nf3 c2 45. Bf4 Nd3 46. Bd2 c1=Q+ 47. Bxc1 Nxc1 48. Kg2 Nb3 49. Kg3 Ke6 50. Kf4 Na5 51. h4 Nb7 52. Kg5 Nd6 53. Kg6 Nf7 54. Ng5+ 1-0


[Site "https://www.chess.com"]

[Event "Titled Tuesday Blitz December 27 Late 2022"]
[White "Kobo, Ori"]
[Black "Andreev, Eduard"]
[WhiteFideId "2812320"]
[BlackFideId "14103400"]
[WhiteElo "2559"]
[BlackElo "2413"]
[Result "1-0"]
[Round "07"]
[TimeControl "180+2"]
[Date "2022.12.27"]
[WhiteClock "0:00:18"]
[BlackClock "0:00:09"]

1. c4 c5 2. Nf3 Nc6 3. d4 cxd4 4. Nxd4 Nf6 5. Nc3 e6 6. g3 Qb6 7. Ndb5 d5 8. Be3 Qa5 9. Bg2 a6 10. Nd4 Bb4 11. O-O O-O 12. Nb3 Qc7 13. cxd5 exd5 14. Rc1 Be6 15. Nd4 Qe7 16. Nxc6 bxc6 17. Na4 Rac8 18. Nc5 Nd7 19. Qc2 Bf5 20. Qxf5 Bxc5 21. Bg5 Qe6 22. Bh3 Rfe8 23. Qxe6 fxe6 24. e4 Bd4 25. Rc2 Kf7 26. Rd1 Be5 27. Be3 Bf6 28. f4 Be7 29. Rdc1 Nf6 30. e5 Ne4 31. Rxc6 Rxc6 32. Rxc6 Bd8 33. Bd4 Ba5 34. Rxa6 Bd2 35. Ra7+ Re7 36. Rxe7+ Kxe7 37. Bg2 Kd7 38. Bxe4 dxe4 39. Kf2 Kc6 40. Ke2 Kd5 41. Kxd2 Kxd4 42. a4 e3+ 43. Ke2 1-0


[Site "https://www.chess.com"]

[Event "Titled Tuesday Blitz December 27 Late 2022"]
[White "Kozin, Yuri"]
[Black "Corredor Castellanos, Camilo"]
[WhiteFideId "4129920"]
[BlackFideId "4425871"]
[WhiteElo "2251"]
[BlackElo "1957"]
[Result "1-0"]
[Round "07"]
[TimeControl "180+2"]
[Date "2022.12.27"]
[WhiteClock "0:00:14"]
[BlackClock "0:00:04"]

1. e4 c5 2. Nf3 d6 3. d4 cxd4 4. Nxd4 Nf6 5. Nc3 a6 6. Be3 b5 7. a4 b4 8. Nd5 e6 9. Nxf6+ gxf6 10. a5 Bb7 11. Bd3 Nd7 12. Nb3 h5 13. Qd2 Rc8 14. O-O-O Ne5 15. Kb1 Nc6 16. Bb6 Qe7 17. Qe2 Ra8 18. f4 h4 19. f5 e5 20. Bc4 Rg8 21. Rhg1 Rg5 22. g3 h3 23. g4 Nd4 24. Nxd4 exd4 25. Rxd4 Qe5 26. Bd5 Bxd5 27. Rxd5 Qf4 28. Qc4 Be7 29. Qc6+ Kf8 30. Qxa8+ Kg7 31. Qe8 Bf8 32. Rdd1 Qxh2 33. Rh1 Qe2 34. Bd8 b3 35. cxb3 h2 36. Rde1 Qd3+ 37. Ka2 Rxg4 38. Rxh2 Rg3 39. Qa4 d5 40. exd5 Bd6 41. Reh1 Qxf5 42. Rh7+ Kg8 43. Rh8+ Kg7 44. R1h7+ Qxh7 45. Rxh7+ Kxh7 46. Bxf6 Rg1 47. Qh4+ Kg6 48. Be7 Be5 49. Qe4+ 1-0


[Site "https://www.chess.com"]

[Event "Titled Tuesday Blitz December 27 Late 2022"]
[White "Kravtsiv, Martyn"]
[Black "Djokic, Mihailo"]
[WhiteFideId "14113147"]
[BlackFideId "976440"]
[WhiteElo "2598"]
[BlackElo "2192"]
[Result "1-0"]
[Round "07"]
[TimeControl "180+2"]
[Date "2022.12.27"]
[WhiteClock "0:00:17"]
[BlackClock "0:00:02"]

1. e4 c5 2. Nf3 d6 3. Bb5+ Bd7 4. Bxd7+ Qxd7 5. c4 Nc6 6. Nc3 g6 7. d4 cxd4 8. Nxd4 Bg7 9. Be3 Nf6 10. f3 O-O 11. O-O Rfd8 12. Qd3 e6 13. Rad1 d5 14. cxd5 exd5 15. Nxc6 bxc6 16. e5 Ne8 17. f4 f6 18. Bc5 Nc7 19. exf6 Bxf6 20. f5 Qg7 21. fxg6 hxg6 22. Qf3 Be5 23. Qg4 Re8 24. Rde1 Re6 25. Kh1 Rae8 26. Nd1 Bxh2 27. Rxe6 Nxe6 28. Bxa7 Be5 29. Re1 Nf4 30. g3 Nd3 31. Re2 Rf8 32. Kg2 Qxa7 33. Qxg6+ Qg7 34. Qxd3 Qf6 35. Rf2 Qg7 36. Rxf8+ Kxf8 37. Qf5+ Ke7 38. b3 Qxg3+ 39. Kf1 Kd6 40. Ke2 Qg2+ 41. Nf2 d4 42. Kd3 Qg3+ 43. Ke2 Qe3+ 44. Kf1 Qc1+ 45. Kg2 Qd2 46. Kf3 Qe3+ 47. Kg4 Qe2+ 48. Kg5 Qe3+ 49. Kg6 Qg3+ 50. Kh5 Qh2+ 51. Kg5 Qg2+ 52. Ng4 Qd2+ 53. Kg6 Qf4 54. a4 Qxf5+ 55. Kxf5 Bg7 56. Ke4 Kc5 57. Nf2 Kb4 58. Nd3+ Kxb3 59. a5 Kc4 60. a6 Be5 61. a7 Bb8 1-0


[Site "https://www.chess.com"]

[Event "Titled Tuesday Blitz December 27 Late 2022"]
[White "Kretchetov, Alexandre"]
[Black "Bogaudinov, Rushan"]
[WhiteFideId "4124588"]
[BlackFideId "4129288"]
[WhiteElo "2195"]
[BlackElo "1939"]
[Result "0-1"]
[Round "07"]
[TimeControl "180+2"]
[Date "2022.12.27"]
[WhiteClock "0:00:16"]
[BlackClock "0:00:12"]

1. d4 Nf6 2. c4 e6 3. Nc3 d5 4. cxd5 exd5 5. Bg5 c6 6. e3 Be7 7. Qc2 Nbd7 8. Bd3 h6 9. Bh4 O-O 10. Nge2 Nh5 11. Bxe7 Qxe7 12. h3 g6 13. O-O-O Nb6 14. Kb1 Ng7 15. g4 c5 16. dxc5 Qxc5 17. Nb5 Qxc2+ 18. Bxc2 Bd7 19. Nbd4 Rad8 20. Rhg1 Nc4 21. Bd3 Ne5 22. Bc2 Ne6 23. b3 Kg7 24. Kb2 a5 25. Nxe6+ fxe6 26. f4 Nc6 27. a3 b5 28. Rd2 a4 29. b4 Ne7 30. Nd4 Nc8 31. Bd3 Nd6 32. Rc2 Rc8 33. Nf3 Rxc2+ 34. Kxc2 Rc8+ 35. Kd2 Nf7 36. Nd4 Nd6 37. Nf3 Nf7 38. h4 Kf6 39. g5+ hxg5 40. hxg5+ Ke7 41. Bxg6 Nd6 42. Bd3 Be8 43. Ne5 Nc4+ 44. Bxc4 dxc4 45. Kc3 Rd8 46. Rh1 Kd6 47. Rh7 Kd5 48. g6 Bxg6 49. Nxg6 Ke4 50. Ne5 Kxe3 51. Rh4 Rd1 52. Kc2 Ra1 53. Kb2 Rf1 54. Nc6 Rf2+ 55. Kc3 Ra2 56. Rh3+ Ke4 57. Rh4 Rxa3+ 58. Kb2 Rb3+ 59. Kc2 a3 60. Rh1 Rb2+ 61. Kc3 Kxf4 62. Ra1 Rb3+ 63. Kc2 e5 64. Na5 Rb2+ 65. Kc3 Re2 66. Rxa3 Re3+ 67. Kb2 Rxa3 68. Kxa3 e4 69. Nc6 e3 70. Nd4 Ke4 71. Ne2 Kd3 72. Nf4+ Kd2 73. Kb2 c3+ 74. Kb3 c2 0-1


[Site "https://www.chess.com"]